 Dungeon Crawl Stone Soup version 0.25.1-2-g60ff931df9 (webtiles) character file.

Game seed: 4939603875843855125

9718 DearestLeader the Earth Mage (level 11, -8/54 HPs)
             Began as a Gargoyle Earth Elementalist on Sept 24, 2020.
             Was a Priest of Vehumet.
             Mangled by a large abomination (22 damage)
             ... on level 1 of the Abyss.
             The game lasted 00:30:43 (10978 turns).

DearestLeader the Earth Mage (GrEE)                Turns: 10978, Time: 00:30:43

Health: -8/54      AC: 14    Str: 12    XL:     11   Next: 50%
Magic:  24/30      EV: 12    Int: 19    God:    Vehumet [***...]
Gold:   581        SH:  5    Dex: 13    Spells: 2/24 levels left

rFire    . . .     SeeInvis .   T - +3 rapier (venom)
rCold    . . .     Gourm    .   I - +0 buckler
rNeg     + + .     Faith    .   c - +0 robe
rPois    ∞         Spirit   .   n - +0 helmet
rElec    +         Reflect  .   (no cloak)
rCorr    .         Harm     .   P - +1 pair of gloves {Dex+3}
MR       .....                  E - +0 pair of boots
Stlth    ++........             (no amulet)
HPRegen  0.18/turn              J - ring of positive energy
MPRegen  0.22/turn              s - ring of magical power

@: very slightly contaminated
A: negative energy resistance 1, electricity resistance, unbreathing,
petrification resistance, rot immunity, AC +8
a: Renounce Religion


You were on level 1 of the Abyss.
You worshipped Vehumet.
Vehumet was most pleased with you.
You were hungry.

You visited 2 branches of the dungeon, and saw 12 of its levels.
You visited the Abyss 1 time.

You collected 581 gold pieces.

Inventory:

Hand Weapons
 T - a +3 rapier of venom (weapon)
Missiles
 b - 176 stones (quivered)
Armour
 c - a +0 robe (worn)
 n - a +0 helmet (worn)
 E - a +0 pair of boots (worn)
 I - a +0 buckler (worn)
 P - a +1 pair of gloves of dexterity (worn)
Jewellery
 p - an uncursed ring of protection from cold
 s - a ring of magical power (right hand)
 A - an uncursed ring of magical power
 J - a ring of positive energy (left hand)
 Q - an uncursed ring of magical power
Wands
 e - a wand of clouds (4)
 i - a wand of acid (8)
 t - a wand of paralysis (10)
 z - a wand of disintegration (11)
 G - a wand of polymorph (8)
 N - a wand of flame (16)
Scrolls
 f - 4 scrolls of fog
 g - 9 scrolls of teleportation
 h - 6 scrolls of remove curse
 k - 4 scrolls of enchant armour
 l - 4 scrolls of immolation
 v - a scroll of amnesia
 B - a scroll of enchant weapon
 F - a scroll of noise {unknown}
 H - a scroll of silence {unknown}
 L - a scroll of random uselessness {unknown}
 R - a scroll of identify
 S - a scroll of acquirement {unknown}
Potions
 a - 3 potions of curing
 m - 4 potions of mutation
 o - 2 potions of stabbing
 q - a potion of ambrosia {unknown}
 r - 4 potions of lignification
 u - 4 potions of heal wounds
 x - 3 potions of might
 C - 2 potions of cancellation
 D - 2 potions of brilliance
 K - 3 potions of flight {unknown}
 M - a potion of magic {unknown}
Comestibles
 d - 14 rations


   Skills:
 - Level 1.5 Dodging
 - Level 2.1 Stealth
 - Level 4.0 Shields
 * Level 7.0 Spellcasting
 + Level 8.1 Conjurations
 - Level 0.7 Transmutations
 * Level 15.1 Earth Magic
 * Level 4.1 Poison Magic


You had 2 spell levels left.
You knew the following spells:

 Your Spells              Type           Power        Failure   Level  Hunger
a - Sandblast             Erth           ######       0%          1    None
b - Passwall              Tmut/Erth      #####...     1%          2    None
c - Stone Arrow           Conj/Erth      ######       1%          3    #......
d - Lee's Rapid Deconstr  Erth           ######....   1%          5    #####..
e - Mephitic Cloud        Conj/Pois/Air  ###.....     1%          3    #......
f - Petrify               Tmut/Erth      #####...     3%          4    ###....
g - Olgreb's Toxic Radia  Pois           ###.....     5%          4    ###....

Your spell library contained the following spells:

 Spells                   Type           Power        Failure   Level  Hunger
 Iskenderun's Mystic Bla  Conj/Tloc      ###.....     5%          4    ###....
 Freeze                   Ice            #...         2%          1    None
 Sting                    Tmut/Pois      ###.         3%          1    None
 Poisonous Vapours        Pois/Air       ##....       6%          2    None
 Corona                   Hex            #......      10%         1    None
 Ensorcelled Hibernation  Hex/Ice        #.....       16%         2    None
 Dazzling Flash           Conj/Hex       ###...       1%          3    #......
 Ignite Poison            Fire/Tmut/Pois ##......     4%          3    #......
 Hailstorm                Conj/Ice       ###.....     5%          4    ###....
 Frozen Ramparts          Ice            #.....       9%          3    #......
 Confusing Touch          Hex            #.......     30%         3    #......
 Ozocubu's Armour         Chrm/Ice       #.......     30%         3    #......
 Tukima's Dance           Hex            #.......     30%         3    #......
 Summon Ice Beast         Ice/Summ       #.......     69%         4    ###....


Dungeon Overview and Level Annotations

Branches:
Dungeon (11/15)            Temple (1/1) D:5
   Lair: D:8-11         Orc: D:9-12

Altars:
Ashenzari
Cheibriados
Dithmenos
Elyvilon
Fedhas
Gozag
Hepliaklqana
Kikubaaqudgha
Makhleb
Nemelex Xobeh
Okawaru
Qazlal
Ru
Sif Muna
Trog
Uskayaw
Vehumet
Wu Jian
Xom
Yredelemnul
Zin
The Shining One

Shops:
D:10 *

Annotations:
D:9 2 transporters, DearestLeader's ghost, novice GrEE
D:11 Erolcha


Innate Abilities, Weirdness & Mutations

You are resistant to torment.
Your stone body is resilient. (AC +8)
You are immune to poison.
You resist negative energy. (rN+)
You are resistant to electric shocks. (rElec)
You can survive without breathing.
You are immune to petrification.
You are immune to rotting.


Message History

Okay, then.
You block the large abomination's attack.
As you read the scroll labeled ZYCEL HOM IJA, it crumbles to dust.
You feel momentarily disoriented.
It was a scroll of magic mapping.
The large abomination hits you but does no damage.
Blink to where?
Press: ? - help, Dir - move target cursor, p - large abomination You are very lightly contaminated with residual magic.
As you read the scroll labeled CYSHRY HINUAFED, it crumbles to dust.
It was a scroll of blinking.
All of the chunks of flesh in your inventory have rotted away.
The necromancer shouts!
Found 19 arrows.
A small abomination comes into view.
The small abomination hits you!
* * * LOW HITPOINT WARNING * * *
Found a corrupted altar of Lugonu.
The small abomination misses you. The large abomination hits you!!
You die...

#....#.# #.#..#..# # ##
#.#..#... #. (####.#.#
.#.##. #...#... # .§.# .
#.#...###...##..# .##
##....##...#..##.#
.....##_##....p...#.#.##
#....@X.#.#..#.....#..
.....#.#x....#.....#.###
... #........##.##.#...
. #.#..#.##..#.###...#
....#...# #....#.. .§
##.#.##.#. ......#....
...# ....# #...## #..
...# .### # . ... § .
.... . ...


You could see a large abomination, a necromancer and a small abomination.

Vanquished Creatures
  2 two-headed ogres
  An unseen horror (D:10)
  Pikel (D:9)
  A deep elf mage (D:10)
  An ugly thing (D:11)
  Maggie (D:7)
  A troll (D:10)
  Grinder (D:5)
  3 hippogriffs
  A spriggan (D:10)
  Eustachio (D:6)
  A hungry ghost (D:9)
  Menkaure (D:6)
  2 water moccasins
  An orc warrior (D:8)
  2 phantoms
  4 ice beasts
  A sky beast (D:9)
  3 slaves (D:9)
  A black bear (D:6)
  An eye of draining (D:9)
  6 ogres
  6 centaurs
  3 big kobolds
  Blork the orc (D:6)
  4 bullfrogs
  A wyvern skeleton (D:9)
  A scorpion (D:5)
  9 killer bees
  9 wights
  8 howler monkeys
  5 crimson imps
  A centaur zombie (D:10)
  4 hounds
  A jelly (D:10)
  2 centaur skeletons
  2 orc priests
  An orc wizard (D:8)
  3 bullfrog skeletons
  An iguana (D:7)
  5 worker ants
  A killer bee zombie (D:10)
  A hound skeleton (D:6)
  2 worker ant zombies (D:5)
  6 gnolls
  8 adders
  3 shadow imps
  An ooze (D:6)
  An adder skeleton (D:7)
  A dart slug (D:2)
  4 worms
  5 leopard geckos
  15 orcs
  2 ball pythons
  3 giant cockroaches
  6 goblins
  7 hobgoblins
  7 jackals
  4 quokkas
  3 bats
  3 frilled lizards
  A jackal zombie (D:7)
  17 kobolds
  A leopard gecko skeleton (D:5)
  A leopard gecko zombie (D:6)
  A quokka skeleton (D:4)
  8 rats
216 creatures vanquished.

Vanquished Creatures (others)
  A slave (D:9)
  A howler monkey (D:9)
  A kobold (D:9)
3 creatures vanquished.

Grand Total: 219 creatures vanquished

Notes
Turn   | Place    | Note
-------+----------+-------------------------------------------
     0 | D:1      | DearestLeader the Gargoyle Earth Elementalist began the
                  | quest for the Orb.
     0 | D:1      | Reached XP level 1. HP: 10/10 MP: 3/3
   257 | D:1      | Reached skill level 4 in Earth Magic
   526 | D:1      | Reached XP level 2. HP: 5/15 MP: 3/5
  1518 | D:2      | Reached skill level 5 in Earth Magic
  1518 | D:2      | Reached XP level 3. HP: 19/19 MP: 4/6
  1835 | D:2      | Found an ancient bone altar of Kikubaaqudgha.
  1835 | D:2      | Found a sparkling altar of Nemelex Xobeh.
  2226 | D:2      | Reached XP level 4. HP: 23/24 MP: 3/7
  2378 | D:3      | Learned a level 2 spell: Passwall
  2382 | D:3      | Learned a level 3 spell: Stone Arrow
  2635 | D:3      | Reached skill level 6 in Earth Magic
  2729 | D:3      | Found an ornate altar of the Wu Jian Council.
  3397 | D:4      | Noticed an ogre
  3400 | D:4      | Killed an ogre
  3400 | D:4      | Reached skill level 7 in Earth Magic
  3400 | D:4      | Reached XP level 5. HP: 15/28 MP: 3/8
  3635 | D:4      | Found a burning altar of Makhleb.
  3637 | D:4      | Found a shimmering altar of Xom.
  3676 | D:4      | Noticed an ogre
  3680 | D:4      | Killed an ogre
  3680 | D:4      | Reached skill level 8 in Earth Magic
  3680 | D:4      | Reached XP level 6. HP: 32/32 MP: 6/9
  4022 | D:5      | Entered Level 5 of the Dungeon
  4022 | D:5      | Noticed a water moccasin
  4031 | D:5      | Killed a water moccasin
  4031 | D:5      | Reached skill level 1 in Conjurations
  4031 | D:5      | Reached skill level 9 in Earth Magic
  4031 | D:5      | Reached XP level 7. HP: 26/36 MP: 10/10
  4659 | D:5      | Noticed Grinder
  4669 | D:5      | Killed Grinder
  4669 | D:5      | Reached skill level 10 in Earth Magic
  4743 | D:5      | Found a glowing silver altar of Zin.
  4791 | D:5      | Reached XP level 8. HP: 41/41 MP: 11/11
  4793 | D:5      | Found a staircase to the Ecumenical Temple.
  4863 | Temple   | Entered the Ecumenical Temple
  4893 | Temple   | Became a worshipper of Vehumet
  5072 | D:6      | Noticed Menkaure
  5076 | D:6      | Killed Menkaure
  5352 | D:6      | Reached skill level 11 in Earth Magic
  5463 | D:6      | Noticed Eustachio
  5484 | D:6      | Killed Eustachio
  5600 | D:6      | Reached skill level 5 in Conjurations
  5623 | D:6      | Found a shimmering blue altar of Sif Muna.
  5688 | D:6      | Found a blossoming altar of Fedhas.
  5734 | D:6      | Noticed Blork the orc
  5771 | D:6      | Killed Blork the orc
  5870 | D:6      | Reached XP level 9. HP: 41/45 MP: 13/13
  6013 | D:6      | Found a white marble altar of Elyvilon.
  6085 | D:6      | Reached skill level 1 in Shields
  6153 | D:6      | Found a bloodstained altar of Trog.
  6158 | D:6      | Reached skill level 12 in Earth Magic
  6363 | D:6      | Learned a level 5 spell: Lee's Rapid Deconstruction
  6407 | D:7      | Noticed Maggie
  6476 | D:7      | Killed Maggie
  6638 | D:7      | Reached * piety under Vehumet
  6638 | D:7      | Offered knowledge of Freeze by Vehumet.
  7562 | D:8      | Noticed a two-headed ogre
  7569 | D:8      | Killed a two-headed ogre
  7569 | D:8      | Reached skill level 13 in Earth Magic
  7569 | D:8      | Reached XP level 10. HP: 50/50 MP: 4/17
  8218 | D:8      | Reached skill level 5 in Spellcasting
  8662 | D:9      | Offered knowledge of Magic Dart by Vehumet.
  8663 | D:9      | Reached ** piety under Vehumet
  8679 | D:9      | Noticed Pikel
  8685 | D:9      | Killed Pikel
  8685 | D:9      | Reached skill level 14 in Earth Magic
  8866 | D:9      | Noticed a two-headed ogre
  8868 | D:9      | Noticed a moth of wrath
  8874 | D:9      | Noticed DearestLeader's ghost (novice GrEE)
  8885 | D:9      | Found a bloodstained altar of Trog.
  8885 | D:9      | Noticed a two-headed ogre
  8885 | D:9      | Noticed a cyclops
  8902 | D:9      | Found a transporter.
  9004 | D:9      | Offered knowledge of Mephitic Cloud by Vehumet.
  9033 | D:9      | Learned a level 3 spell: Mephitic Cloud
  9038 | D:9      | Learned a level 4 spell: Petrify
  9354 | D:9      | Found a transporter.
  9587 | D:10     | Entered Level 10 of the Dungeon
  9660 | D:10     | Reached skill level 1 in Poison Magic
  9771 | D:10     | Reached *** piety under Vehumet
  9789 | D:10     | Found Taalykley's Assorted Antiques.
  9841 | D:10     | Reached XP level 11. HP: 54/54 MP: 19/20
  9877 | D:10     | Noticed a two-headed ogre
  9882 | D:10     | Killed a two-headed ogre
 10171 | D:10     | Offered knowledge of Iskenderun's Mystic Blast by Vehumet.
 10203 | D:10     | Killed an unseen horror
 10406 | D:10     | Learned a level 4 spell: Olgreb's Toxic Radiance
 10409 | D:10     | Noticed a deep elf mage
 10416 | D:10     | Killed a deep elf mage
 10416 | D:10     | Reached skill level 15 in Earth Magic
 10875 | D:11     | Noticed a cyan ugly thing
 10883 | D:11     | Noticed Erolcha
 10884 | D:11     | Killed a cyan ugly thing
 10890 | D:11     | Cast into level 1 of the Abyss (Erolcha)
 10904 | Abyss:1  | Noticed a large abomination
 10972 | Abyss:1  | Noticed a necromancer
 10976 | Abyss:1  | Found a corrupted altar of Lugonu.
 10978 | Abyss:1  | Mangled by a large abomination

Illustrated notes

Levels and vault maps discovered:
D:1:      co_arrival_square_in_a_square_in_a_square, layout_basic
D:2:      layout_rooms, gammafunk_temple_overflow_elements, minmay_3d_cube
D:3:      layout_loops_cross, lemuel_crystal_altar, minmay_misc_feat_hallway
D:4:      layout_gridville, grunt_temple_overflow_champion_of_chaos
D:5:      layout_loops_ring, kennysheep_mini,
          minmay_temple_entry_statues_fountains, first_ration, uniq_grinder
D:6:      layout_cave_pools, elyvilon_altar_1, lemuel_coloured_pillars_altar,
          grunt_temple_overflow_open, uniq_blork_the_orc, uniq_menkaure,
          uniq_eustachio
D:7:      layout_cave_pools, uniq_maggie
D:8:      layout_cave_pools
D:9:      layout_cave_pools, gammafunk_ghost_wrathful_warriors, uniq_pikel
D:10:     layout_rooms, serial_shops, shop, hangedman_stone_soup,
          grunt_ministairs_5
D:11:     layout_loops_cross, david_lair_generic, uniq_erolcha
Temple:   minmay_temple_bridge_abc
Abyss:1:  base:
D:15

Skill      XL: |  1  2  3  4  5  6  7  8  9 10 11 |
---------------+----------------------------------+-----
Earth Magic    | 4 5 7 8 9 10 11 13 14 15 | 15.1
Conjurations   | 1 3 5 6 7 8 |  8.1
Spellcasting   | 3 4 6 7 |  7.0
Shields        | 4 |  4.0
Poison Magic   | 1 4 |  4.1
Dodging        | |  1.5
Stealth        | |  2.1
Transmutations | |  0.7

Action                   |  1- 3 |  4- 6 |  7- 9 | 10-12 || total
-------------------------+-------+-------+-------+-------++-------
Melee: Unarmed           |    23 |       |       |       ||    23
       Dagger            |    48 |       |       |       ||    48
       Whip              |    80 |   103 |   204 |   171 ||   558
       Rapier            |       |       |       |    19 ||    19
 Cast: Sandblast         |    15 |    20 |    50 |    50 ||   135
       Stone Arrow       |       |       |    49 |    77 ||   126
       Lee's Rapid Decon |       |       |       |    11 ||    11
  Use: Scroll            |     4 |     2 |       |    12 ||    18
 Stab: Sleeping          |     1 |     4 |       |       ||     5
  Eat: Chunk             |     5 |     6 |     9 |     8 ||    28
       Ration            |       |       |     2 |     3 ||     5
Armor: Robe              |    53 |    36 |   118 |   117 ||   324
Dodge: Dodged            |   107 |    77 |   185 |   146 ||   515
Block: Buckler           |       |       |     4 |    73 ||    77
